 Dungeon Crawl Stone Soup version 0.31-a0-198-g2ad674f65e (webtiles) character file.

Game seed: 9495691517949319800

117 qw the Skirmisher (level 4, 0/25 HPs)
             Began as a Deep Elf Hunter on June 25, 2023.
             Slain by a scorpion (2 damage)
             ... on level 4 of the Dungeon.
             The game lasted 00:00:22 (906 turns).

qw the Skirmisher (Deep Elf Hunter)                  Turns: 906, Time: 00:00:22

Health: 0/25       AC:  6    Str: 10    XL:     4   Next: 71%
Magic:  6/6        EV:  9    Int: 14    God:
Gold:   90         SH:  0    Dex: 18    Spells: 3/3 levels left

rFire   . . .        Y - +0 shortbow
rCold   . . .        (shield currently unavailable)
rNeg    . . .        g - +0 scale mail
rPois   .            (no helmet)
rElec   .            (no cloak)
rCorr   .            (no gloves)
SInv    .            (no boots)
Will    .....        (no amulet)
Stlth   +            (no ring)
HPRegen 0.24/turn    (no ring)
MPRegen 0.10/turn

%: no passive effects
@: no status effects
A: no striking features
a: no special abilities


You were on level 4 of the Dungeon.
You visited 1 branch of the dungeon, and saw 3 of its levels.

You collected 90 gold pieces.


   Skills:
 - Level 1.5 Fighting
 + Level 8.1 Ranged Weapons
 - Level 2.4 Dodging
 - Level 1.2 Stealth


You had 3 spell levels left.
You didn't know any spells.
Your spell library was empty.

Inventory:

Hand Weapons
 Y - a +0 shortbow (weapon)
Armour
 b - a +2 ring mail of cold resistance
 c - a +0 pair of boots
 g - a +0 scale mail (worn)
Scrolls
 h - a scroll of identify
 j - a scroll of blinking {unknown}
Potions
 a - a potion of curing {unknown}
 d - a potion of degeneration {unknown}
 e - a potion of brilliance {unknown}
 f - a potion of mutation {unknown}
 i - a potion of lignification {unknown}
 k - a potion of heal wounds {unknown}

Dungeon Overview and Level Annotations

Branches:
Dungeon (4/15)
 Temple: D:4-7

Altars:


Message History

The arrow hits the scorpion.
The scorpion is lightly wounded.
The hound bites you.
You shoot an arrow.
The arrow hits the hound but does no damage.
The hound is heavily wounded.
The hound bites you. The hound bites you but does no damage.
You shoot an arrow. The arrow closely misses the hound.
The arrow hits the scorpion but does no damage.
The scorpion is lightly wounded.
The hound bites you but does no damage. The hound bites you.
You shoot an arrow. The arrow misses the hound.
The hound barely misses you. The hound bites you. The scorpion stings you.
You shoot an arrow. The arrow hits the hound.
The hound is severely wounded.
The hound bites you but does no damage. The scorpion barely misses you.
The hound bites you but does no damage.
The scorpion stings you but does no damage.
You shoot an arrow. The arrow hits the hound.
The hound is almost dead.
The hound barely misses you. The scorpion closely misses you.
The hound closely misses you.
You shoot an arrow.
The arrow hits the hound but does no damage.
The hound is almost dead.
The hound closely misses you. The scorpion stings you.
The hound barely misses you.
The scorpion stings you but does no damage.
You shoot an arrow. The arrow hits the hound!
You kill the hound!
The scorpion stings you.
Your Ranged Weapons skill increases to level 8!
You shoot an arrow. The arrow hits the scorpion!
The scorpion is heavily wounded.
The scorpion barely misses you. x2
You shoot an arrow.
The arrow hits the scorpion but does no damage.
The scorpion is heavily wounded.
The scorpion stings you.
You die...

#####..###########.
#..................
##.###...#....###.#.
#.............###.#.
#..#>...............
#..#.####.....###...
##...# #.....###...
#.### .............
#.@.# #####(.......
#....s....#
#........
#.........#
######...
#.........# ###...
#........... #.....
#............ #.....
######.......#
#..... #.......#
###..<.. #.......


You could see a scorpion.

Vanquished Creatures
  A hound (D:4)
  Natasha (twice) (D:4)
  An adder (D:2)
  A dart slug (D:1)
  3 ball pythons
  4 endoplasms
  A giant cockroach (D:4)
  2 goblins (D:1)
  2 hobgoblins (D:1)
  4 jackals (D:1)
  2 kobolds (D:1)
  3 frilled lizards (D:1)
  A rat (D:1)
27 creatures vanquished.

Notes
Turn   | Place    | Note
-------+----------+-------------------------------------------
     0 | D:1      | qw the Deep Elf Hunter began the quest for the Orb.
     0 | D:1      | Reached XP level 1. HP: 12/12 MP: 3/3
     0 | D:1      | 0 ||| qw: Version: 0.3-a-22-g0ed2b0b
     0 | D:1      | 0 ||| qw: Game counter: 5168
     0 | D:1      | 0 ||| qw: Melee chars always use a shield: true
     0 | D:1      | 0 ||| qw: God list: Okawaru
     0 | D:1      | 0 ||| qw: Allow faded altars: false
     0 | D:1      | 0 ||| qw: Do Orc after clearing Dungeon:15 true
     0 | D:1      | 0 ||| qw: Do second Lair branch before Depths: true
     0 | D:1      | 0 ||| qw: Lair rune preference: random
     0 | D:1      | 0 ||| qw: Goals: Normal
     0 | D:1      | 0 ||| PLANNING D:1-11
   133 | D:1      | Reached skill level 6 in Ranged Weapons
   133 | D:1      | Reached XP level 2. HP: 16/16 MP: 4/4
   639 | D:1      | 639 ||| UPGRADING to +0 scale mail.
   649 | D:1      | 649 ||| DROPPING +0 leather armour.
   650 | D:1      | 650 ||| READING scroll labelled SEYNEE TOCATEA.
   651 | D:1      | 651 ||| READING scroll labelled ROIKKO TE UGU.
   654 | D:1      | 654 ||| READING scroll labelled CAREON IMAPP.
   655 | D:1      | 655 ||| READING scroll labelled IGRERO LIZEGA.
   656 | D:1      | 656 ||| READING scroll labelled IMAYSTROUTU.
   657 | D:1      | 657 ||| DROPPING scroll of butterflies.
   676 | D:2      | Reached XP level 3. HP: 20/20 MP: 5/5
   782 | D:2      | Identified the +0 mace "Hulk" {venom, rCorr Dex-5 SInv}
   799 | D:2      | You fall into a shaft and drop 2 floors!
   800 | D:4      | 800 ||| PLANNING SEWER
   800 | D:4      | Noticed Natasha
   807 | D:4      | Killed Natasha
   808 | D:4      | Reached skill level 7 in Ranged Weapons
   834 | D:4      | Noticed Natasha
   838 | D:4      | Killed Natasha
   839 | D:4      | Reached XP level 4. HP: 21/25 MP: 6/6
   896 | D:4      | Noticed a scorpion
   903 | D:4      | HP: 5/25 [scorpion (5)]
   904 | D:4      | HP: 2/25 [scorpion (3)]
   905 | D:4      | Reached skill level 8 in Ranged Weapons
   906 | D:4      | Slain by a scorpion

Levels and vault maps discovered:
D:1:      lightli_arrival_chessboard, layout_basic
D:2:      layout_loops_corners, serial_glass, glass_columns_a, glass_columns_b,
          minmay_misc_feat_rugged
D:4:      layout_basic, minmay_temple_entry_glassed_door, portal_sewer_entry_e,
          uniq_natasha

Skill      XL: |  1  2  3  4 |
---------------+-------------+-----
Ranged Weapons | 6 7 8 |  8.1
Fighting       | |  1.5
Dodging        | |  2.4
Stealth        | |  1.2

Action                     |  1- 3 |  4- 6 || total
---------------------------+-------+-------++-------
   Fire: Shortbow          |    53 |    20 ||    73
    Use: Scroll            |     5 |       ||     5
 Armour: Leather armour    |     1 |       ||     1
         Scale mail        |     3 |    11 ||    14
  Dodge: Dodged            |     4 |    14 ||    18

Table legend:
 A = Non-vault XP
 B = Vault XP
 C = Vault XP percentage of total XP
 D = Non-vault monster count
 E = Vault monster count
 F = Vault count percentage of total count
                 A         B        C        D         E       F
            +---------+---------+-------+---------+---------+-------
      Total |     132 |      36 |  21.4 |      26 |       1 |   3.7
            +---------+---------+-------+---------+---------+-------
        D:1 |      33 |       0 |   0.0 |      18 |       0 |   0.0
        D:2 |      22 |       0 |   0.0 |       5 |       0 |   0.0
        D:4 |      77 |      36 |  31.9 |       3 |       1 |  25.0
            +---------+---------+-------+---------+---------+-------
